Unix NetHack Version 5.0.0-0 post-release - last build May  4 2026 22:22:43 (774f63e81ad911689b3a0859ea89b322d5daca8d,branch:main).

Game began 2026-05-06 00:02:53, ended 2026-05-06 00:27:47.

BeardyHaddock, chaotic male elven Wizard

                                                      ---------------
                                                      |........<....|
                                                      ...kh@r.......|
                                                      |...G.........|
                                                      |.............|
                                                      --.----.---.---

BeardyHaddock the Conjurer  St:10 Dx:13 Co:16 In:20 Wi:10 Ch:9  Chaotic
Dlvl:6  $:308 HP:0(28) Pw:59(59) AC:8  Xp:5 T:3303 

Latest messages:
 The gnomish wizard points at you, then curses.
 The gnomish wizard points at you, then curses.
 The gnomish wizard points at you, then curses.
 The gnomish wizard points at you, then curses.
 The gnomish wizard points at you, then curses.
 The air crackles around the gnomish wizard.
 The gnomish wizard points at you, then curses.
 The gnomish wizard points at you, then curses.
 The gnomish wizard points at you, then curses.
 The gnomish wizard points at you, then curses.
 The gnomish wizard points at you, then curses.
 The gnomish wizard points at you, then curses.
 The gnomish wizard points at you, then curses.
 The gnomish wizard points at you, then curses.
 The gnomish wizard points at you, then curses.
 The air crackles around the gnomish wizard.
 The gnomish wizard points at you, then curses.
 The gnomish wizard points at you, then curses.
 The gnomish wizard points at you, then curses.
 The gnomish wizard points at you, then curses.
 The gnomish wizard points at you, then curses.
 The gnomish wizard points at you, then curses.
 The gnomish wizard points at you, then curses.
 The air crackles around the gnomish wizard.
 The gnomish wizard points at you, then curses.
 The gnomish wizard points at you, then curses.
 The gnomish wizard points at you, then curses.
 The gnomish wizard points at you, then curses.
 The gnomish wizard points at you, then curses.
 The gnomish wizard points at you, then curses.
 The air crackles around the gnomish wizard.
 The gnomish wizard points at you, then curses.
 The gnomish wizard points at you, then curses.
 The gnomish wizard points at you, then curses.
 The gnomish wizard points at you, then curses.
 The gnomish wizard points at you, then curses.
 The gnomish wizard points at you, then curses.
 The dwarf swings his broad pick.
 The dwarf hits!
 The gnomish wizard points at you, then curses.
 The gnomish wizard points at you, then curses.
 The kobold lord wields a mace!
 The dwarf swings his broad pick.
 The dwarf hits!
 You die...
 Do you want your possessions identified? [ynq] (y) n
 Do you want to see your attributes? [ynq] (y) n
 Do you want an account of creatures vanquished? [ynaq] (y) n
 Do you want to see your conduct and achievements? [ynq] (y) n
 Do you want to see the dungeon overview? [ynq] (y) n

Inventory:
 Coins    ('$')
  $ - 308 gold pieces
 Weapons  (')')
  a - a blessed +1 quarterstaff (weapon in hands)
 Armor    ('[')
  q - an uncursed +0 pair of gauntlets of dexterity (being worn)
  b - an uncursed +0 cloak of magic resistance (being worn)
 Comestibles  ('%')
  x - an uncursed cram ration
  O - 2 uncursed food rations
  M - an uncursed fortune cookie
 Scrolls  ('?')
  C - an uncursed scroll of blank paper
  E - an uncursed scroll of create monster
  w - a blessed scroll of earth
  j - an uncursed scroll of earth
  Y - a cursed scroll of magic mapping
  t - an uncursed scroll of punishment
  k - 2 uncursed scrolls of teleportation
 Spellbooks  ('+')
  f - an uncursed spellbook of detect treasure
  g - an uncursed spellbook of haste self
  F - an uncursed spellbook of polymorph
 Potions  ('!')
  W - an uncursed potion of speed
  h - an uncursed potion of water
 Rings    ('=')
  d - an uncursed +2 ring of gain strength
  X - an uncursed ring of stealth
  e - an uncursed ring of teleportation
 Wands    ('/')
  c - a wand of opening (0:4)
  K - a wand of polymorph (0:0)
 Tools    ('(')
  o - an uncursed tooled horn
  U - a crystal ball (0:5)
  R - a magic marker (0:24)
  n - a magic marker (0:7)
  s - an uncursed stethoscope
  y - 5 uncursed tallow candles
  v - a cursed tallow candle
 Gems/Stones  ('*')
  G - an uncursed worthless piece of black glass
  u - an uncursed worthless piece of orange glass

BeardyHaddock the Wizard's attributes:

Background:
 You were a Conjurer, a level 5 male elven Wizard.
 You were chaotic, on a mission for Anhur
 who was opposed by Ptah (lawful) and Thoth (neutral).
 You were right-handed.
 You were in the Dungeons of Doom, on level 6.
 You entered the dungeon 3303 turns ago.
 It was the midnight hour.
 You had 178 experience points, 142 more were needed to attain level 6.

Basics:
 You had 0 out of 28 hit points.
 You had all 59 energy points (spell power).
 Your armor class was 8.
 Your wallet contained 308 zorkmids.
 Autopickup was off.

Final Characteristics:
 Your strength was 10 (limit:18).
 Your dexterity was 13 (limit:18).
 Your constitution was 16 (limit:16).
 Your intelligence was 20 (limit:20).
 Your wisdom was 10 (limit:20).
 Your charisma was 9 (limit:18).

Final Status:
 You weren't hungry.
 You were unencumbered.
 You were wielding a quarterstaff.
 You had basic skill with quarterstaff.

Final Attributes:
 You were piously aligned.
 You were magic-protected.
 You were sleep resistant.
 You had infravision.
 You were warded.
 You are dead.

Miscellaneous:
 You didn't encounter any bones levels.
 Total elapsed playing time was 24 minutes and 54 seconds.

Major events:
 Turn
    1: BeardyHaddock the chaotic male elven Wizard entered the dungeon
  390: attained the rank of Conjurer (level 3)
 1392: entered the Gnomish Mines
 3303: killed by a dwarf, while reading a book

Spells:
 Name                 Level Category     Fail Retention
 force bolt             1   attack         0%   81%-90%
 chain lightning        2   attack         0%   81%-90%
 slow monster           2   enchantment    0%  91%-100%
 detect treasure        4   divination    90%  76%-100%
 haste self             3   escape        63%  76%-100%

Skills:
 Fighting Skills
   bare handed combat [Unskilled]
   riding             [Unskilled]
 Weapon Skills
   dagger             [Unskilled]
   knife              [Unskilled]
   axe                [Unskilled]
   short sword        [Unskilled]
   club               [Unskilled]
   mace               [Unskilled]
   quarterstaff       [Basic]
   polearms           [Unskilled]
   spear              [Unskilled]
   trident            [Unskilled]
   sling              [Unskilled]
   dart               [Unskilled]
   shuriken           [Unskilled]
 Spellcasting Skills
   attack spells      [Basic]
   healing spells     [Unskilled]
   divination spells  [Unskilled]
   enchantment spells [Basic]
   clerical spells    [Unskilled]
   escape spells      [Unskilled]
   matter spells      [Unskilled]

Voluntary challenges:
 Character rerolling was not enabled.
 You never genocided any monsters.
 You never changed form.
 You used no wishes.
Achievements:
 You attained the rank of Conjurer.
 You entered the Gnomish Mines.
 You entered a shop.

 The Dungeons of Doom: levels 1 to 6
    Level 1:
       Many fountains.
    Level 2:
       A fountain.
       Stairs down to The Gnomish Mines.
    Level 3:
       A sink, a grave.
    Level 4:
       Some fountains.
    Level 5:
       A general store, many fountains.
    Level 6: <- You were here.
       Final resting place for
          you, killed by a dwarf, while reading a book.
 The Gnomish Mines:
    Level 3:


Vanquished creatures:
  a rock piercer
  a rock mole
  a pony
  a dwarf
  a homunculus
  a giant bat
  3 orc zombies
  4 dwarf zombies
  4 iguanas
 an acid blob
  a hobbit
  a hobgoblin
  2 brown molds
  a yellow mold
  a red mold
  4 gnomes
  4 gnome zombies
  5 geckos
  7 jackals
  3 foxes
  2 kobolds
  3 goblins
  2 sewer rats
  7 grid bugs
  4 lichens
  7 kobold zombies
  6 newts
78 creatures vanquished.

No species were genocided or became extinct.

Game over:
                       ----------
                      /          \
                     /    REST    \
                    /      IN      \
                   /     PEACE      \
                  /                  \
                  |  BeardyHaddock   |
                  |      308 Au      |
                  |   killed by a    |
                  |      dwarf       |
                  |                  |
                  |                  |
                  |       2026       |
                 *|     *  *  *      | *
        _________)/\\_//(\/(/\)/\//\/|_)_______

Goodbye BeardyHaddock the Wizard...

You died in The Dungeons of Doom on dungeon level 6 with 1190 points,
and 308 pieces of gold, after 3303 moves.
You were level 5 with a maximum of 28 hit points when you died.

